Map: Submarine LE

Players

PtitDrogo - Winner!

  • Race: Protoss Protoss
  • League: Grandmaster
  • Spawn Location: 5:00

MaxPax

  • Race: Protoss Protoss
  • League: Master
  • Spawn Location: 11:00

Event: DreamHack SC2 Masters 2020 Fall

VOD

Have the link to the VOD?

Description

Time

  • Played on: Sept. 4, 2020, 2 p.m.
  • Length: 9:40

All games in this series

Show
View Real Time Build Order
Export as new Build Order

PtitDrogo Protoss - Winner!

Build Orders:  

Get SALT Encoding   

  12  0:00  Probe  
  13  0:12  Probe  
  14  0:17  Pylon  
  14  0:24  Probe (Chrono Boost)  
  15  0:36  Gateway, Probe (Chrono Boost)  
  16  0:43  Probe (Chrono Boost)  
  16  0:46  Assimilator  
  17  0:51  Probe  
  18  0:59  Gateway  
  18  1:03  Probe (Chrono Boost)  
  19  1:07  Assimilator  
  19  1:14  Probe (Chrono Boost)  
  20  1:19  Probe (Chrono Boost)  
  20  1:24  Cybernetics Core  
  21  1:29  Probe  
  22  1:35  Pylon  
  22  1:40  Pylon  
  22  1:46  Probe  
  23  1:51  Pylon  
  23  2:00  Stalker (Chrono Boost)  
  27  2:11  Probe  
  27  2:13  Stalker (Chrono Boost)  
  26  2:28  Stalker  
  27  2:36  Stalker  
  29  2:38  Warp Gate (Chrono Boost)  
  29  2:43  Probe  
  30  2:47  Shield Battery  
  30  2:55  Probe  
  30  2:58  Sentry  
  33  3:02  Shield Battery  
  33  3:06  Shield Battery  
  33  3:07  Probe  
  34  3:19  Probe  
  35  3:27  Shield Battery  
  35  3:34  Nexus  
  35  3:36  Probe  
  36  3:45  Pylon  
  36  3:50  Pylon  
  36  4:00  Twilight Council  
  36  4:07  Pylon  
  36  4:08  Probe  
  37  4:18  Sentry  
  37  4:21  Forge  
  39  4:25  Probe (Chrono Boost)  
  39  4:27  Sentry  
  42  4:34  Blink (Chrono Boost), Probe (Chrono Boost)  
  42  4:42  Probe (Chrono Boost)  
  42  4:44  Stalker  
  45  4:46  Probe (Chrono Boost)  
  47  4:54  Shield Battery  
  47  4:56  Probe x2 (Chrono Boost)  
  48  5:01  Probe (Chrono Boost)  
  48  5:04  Probe  
  49  5:12  Protoss Ground Weapons Level 1 (Chrono Boost)  
  49  5:13  Probe  
  50  5:16  Probe, Stalker  
  53  5:25  Probe  
  53  5:26  Pylon  
  53  5:27  Stalker  
  53  5:28  Probe  
  57  5:38  Probe  
  57  5:39  Stalker  
  57  5:40  Probe  
  61  5:47  Gateway  
  61  5:49  Pylon  
  61  5:50  Stalker  
  60  6:00  Probe (Chrono Boost)  
  59  6:09  Probe (Chrono Boost)  
  59  6:10  Probe (Chrono Boost)  
  60  6:14  Stalker x2  
  60  6:15  Probe x2 (Chrono Boost)  
  66  6:26  Pylon  
  66  6:27  Probe  
  67  6:42  Nexus, Stalker x3  
  73  6:47  Probe  
  73  6:49  Pylon  
  73  6:51  Charge  
  73  6:52  Probe  
  75  6:55  Assimilator  
  75  6:59  Probe  
  76  7:04  Gateway  
  76  7:10  Probe  
  77  7:18  Stalker x3  
  77  7:21  Probe  
  84  7:23  Probe  
  85  7:33  Probe  
  76  7:45  Probe x2  
  76  7:48  Pylon  
  76  7:49  Gateway x2  
  76  7:50  Gateway  
  76  7:54  Gateway, Probe  
  76  7:57  Probe  
  78  8:02  Zealot x2  
  82  8:11  Zealot x2  
  82  8:14  Gateway  
  82  8:15  Probe  
  82  8:16  Probe  
  84  8:24  Zealot x2  
  88  8:27  Templar Archives  
  88  8:34  Zealot x2  
  88  8:37  Assimilator  
  94  8:43  Zealot x2  
  94  8:45  Zealot x2  
  94  8:47  Zealot  
  102  8:50  Zealot  
  102  8:55  Pylon, Probe x2  
  106  8:56  Probe  
  106  9:01  Assimilator  
  107  9:04  High Templar x2  
  107  9:05  High Templar  
  107  9:08  Archon  
  113  9:10  Zealot x2  
  113  9:13  Zealot, Pylon  
  113  9:16  Zealot  
  121  9:28  Zealot x2  
  119  9:35  High Templar x2  
  119  9:36  Zealot  
Show
View Real Time Build Order
Export as new Build Order

MaxPax Protoss 

Build Orders: Phoenix Opening 

Get SALT Encoding   

  12  0:00  Probe  
  13  0:12  Probe  
  14  0:20  Pylon  
  14  0:24  Probe  
  15  0:34  Pylon  
  15  0:38  Probe  
  16  0:50  Probe  
  16  0:52  Gateway  
  17  0:58  Assimilator  
  17  1:02  Probe (Chrono Boost)  
  18  1:11  Assimilator  
  18  1:14  Probe (Chrono Boost)  
  19  1:18  Probe (Chrono Boost)  
  20  1:29  Probe  
  21  1:39  Zealot (Chrono Boost)  
  21  1:41  Cybernetics Core, Probe  
  24  1:48  Pylon  
  24  1:53  Probe  
  25  2:05  Probe  
  26  2:17  Probe  
  26  2:18  Adept (Chrono Boost)  
  27  2:33  Robotics Facility, Probe  
  27  2:35  Stargate  
  28  2:40  Adept (Chrono Boost)  
  30  2:52  Probe  
  31  3:01  Pylon  
  31  3:07  Pylon  
  31  3:18  Immortal (Chrono Boost)  
  31  3:21  Phoenix  
  37  3:29  Pylon  
  37  3:46  Phoenix  
  39  4:08  Nexus  
  35  4:11  Phoenix (Chrono Boost)  
  37  4:27  Immortal  
  41  4:34  Probe  
  42  4:39  Phoenix  
  44  4:46  Probe  
  44  4:50  Pylon  
  45  5:04  Phoenix  
  47  5:12  Immortal  
  51  5:16  Probe (Chrono Boost)  
  51  5:21  Probe (Chrono Boost)  
  53  5:27  Probe (Chrono Boost)  
  55  5:29  Probe (Chrono Boost)  
  55  5:30  Warp Gate  
  55  5:32  Probe (Chrono Boost)  
  55  5:34  Probe (Chrono Boost)  
  56  5:42  Probe  
  58  5:43  Phoenix  
  58  5:46  Probe  
  58  5:48  Pylon  
  61  6:00  Probe  
  61  6:02  Immortal  
  61  6:03  Probe  
  65  6:09  Phoenix  
  67  6:12  Probe  
  67  6:16  Probe  
  67  6:17  Assimilator  
  69  6:20  Assimilator  
  69  6:24  Probe  
  70  6:28  Probe  
  71  6:34  Phoenix (Chrono Boost)  
  71  6:36  Probe  
  73  6:41  Forge, Probe  
  73  6:44  Gateway  
  73  6:45  Observer  
  75  6:48  Probe  
  77  6:59  Phoenix (Chrono Boost), Pylon  
  76  7:15  Gateway  
  76  7:17  Gateway  
  76  7:19  Nexus  
  76  7:21  Protoss Ground Weapons Level 1 (Chrono Boost)  
  70  7:32  Shield Battery  
  70  7:36  Phoenix  
  68  7:45  Probe x2  
  68  7:48  Gateway  
  68  7:51  Sentry  
  72  7:53  Twilight Council  
  72  7:54  Photon Cannon  
  72  7:57  Probe  
  72  7:58  Probe  
  74  8:10  Probe x2  
  74  8:13  Zealot, Sentry  
  74  8:16  Gateway  
  82  8:22  Probe x2  
  82  8:26  Shield Battery  
  84  8:29  Shield Battery  
  84  8:31  Pylon  
  84  8:32  Zealot  
  84  8:34  Probe x2  
  84  8:36  Probe  
  85  8:44  Templar Archives  
  85  8:45  Zealot  
  90  8:55  Zealot  
  92  8:58  Assimilator x2, Zealot x2  
  93  9:06  Robotics Bay  
  93  9:10  Zealot  
  95  9:18  Gateway  
  93  9:25  Zealot x2, High Templar x2  
  93  9:29  Archon  
  97  9:31  Zealot  
  97  9:35  Gateway  

Tags
 
Add a new tag
Caveats
  • Supply blocks, unpowered buildings, or Contaminate may cause inaccurate times.
  • Supply counts are checked every 10 seconds.